 Dungeon Crawl Stone Soup version 0.28-a0-691-gad6df49e81 (webtiles) character file.

Game seed: 1812235731687420089

6 cheechan the Skirmisher (level 1, 0/16 HPs)
             Began as an Octopode Berserker on Oct 20, 2021.
             Was a Follower of Trog.
             Slain by a gnoll (4 damage)
             ... on level 1 of the Dungeon.
             The game lasted 00:00:33 (339 turns).

cheechan the Skirmisher (Octopode Berserker)         Turns: 339, Time: 00:00:33

Health: 0/16       AC:  1    Str: 16    XL:     1   Next: 90%
Magic:  1/1        EV: 13    Int:  9    God:    Trog [*.....]
Gold:   20         SH:  0    Dex: 11    Spells: 0/0 levels left

rFire   . . .      SeeInvis .   a - +0 hand axe
rCold   . . .      Faith    .   (no shield)
rNeg    . . .      Spirit   .   (helmet restricted)
rPois   .          Reflect  .   (no amulet)
rElec   .          Harm     .   (no ring)
rCorr   .          Rampage  .   (no ring)
Will    .....                   (no ring)
Stlth   ++........              (no ring)
HPRegen 0.05/turn               (no ring)
MPRegen 0.07/turn               (no ring)
                                (no ring)
                                (no ring)

@: no status effects
A: almost no armour, amphibious, 8 rings, camouflage 1, gelatinous body 1,
(nimble swimmer 1), tentacles
a: Renounce Religion, Berserk


You were on level 1 of the Dungeon.
You worshipped Trog.
Trog was aware of your devotion.
You visited 1 branch of the dungeon, and saw 2 of its levels.

You collected 20 gold pieces.

Inventory:

Hand Weapons
 a - a +0 hand axe (weapon)


   Skills:
 + Level 3.1 Fighting
 + Level 3.1 Axes
 + Level 3.1 Dodging


You couldn't memorise any spells.
You didn't know any spells.
Your spell library was empty.

Dungeon Overview and Level Annotations

Branches:
Dungeon (2/15)

Altars:


Innate Abilities, Weirdness & Mutations

You cannot wear most types of armour.
You are amphibious.
You can wear up to eight rings at the same time.
Your skin changes colour to match your surroundings (Stealth+).
Your rubbery body absorbs attacks. (AC +1, EV +1)
((You are camouflaged near water. (Stealth+)))
You have tentacles for arms and can constrict up to eight enemies at once.


Message History

HP restored.
You fall into a shaft and drop 1 floor!
The shaft crumbles and collapses.
Found a stone staircase leading up.
Found 8 gold pieces.
There is a stone staircase leading up here.
Found a stone staircase leading up.
You now have 8 gold pieces.
There is a stone staircase leading up here.
You climb upwards.
Found 12 gold pieces.
There is a stone staircase leading down here.
The kobold shouts!
The kobold hits you with a +0 dagger.
You closely miss the kobold. You grab the kobold. You constrict the kobold.
The kobold hits you but does no damage.
You completely miss the kobold.
The kobold is moderately wounded.
You constrict the kobold. The kobold closely misses you.
You hit the kobold.
You kill the kobold!
Trog accepts your kill.
You see here a +0 dagger.
There is a stone staircase leading down here.
You now have 20 gold pieces (gained 12).
A gnoll comes into view. It is wielding a +0 club.
The gnoll shouts!
The gnoll hits you with a +0 club!
Ouch! That really hurt!
You hit the gnoll but do no damage. You grab the gnoll.
You constrict the gnoll. The gnoll misses you.
You hit the gnoll.
The gnoll is moderately wounded.
You constrict the gnoll, but do no damage.
The gnoll hits you with a +0 club.
* * * LOW HITPOINT WARNING * * *
You hit the gnoll but do no damage.
The gnoll is moderately wounded.
You constrict the gnoll. The gnoll hits you with a +0 club.
You die...

.........)#
...#.#...#####
............#
..###.##..###.#
.........>#
#####.#.###
#....#.#
##..##.##.#.#####.#
.......@g..........
.#........#######.#
#..#####.... #.
#.#### #.# #.# #.#
#.#


You could see a gnoll.

Vanquished Creatures
  2 goblins (D:1)
  A hobgoblin (D:1)
  A frilled lizard (D:1)
  A kobold (D:1)
  2 rats (D:1)
7 creatures vanquished.

Vanquished Creatures (others)
  4 toadstools (D:1)
4 creatures vanquished.

Grand Total: 11 creatures vanquished

Notes
Turn   | Place    | Note
-------+----------+-------------------------------------------
     0 | D:1      | cheechan the Octopode Berserker began the quest for the
                  | Orb.
     0 | D:1      | Reached XP level 1. HP: 16/16 MP: 1/1
   265 | D:1      | You fall into a shaft and drop 1 floor!
   339 | D:1      | Slain by a gnoll

Illustrated notes

Levels and vault maps discovered:
D:1:      ldierk_walled_garden_2, layout_basic
D:2:      layout_loops_ring, grunt_ministairs_13, minmay_split_cup_small,
          uniq_crazy_yiuf_cottage

Action                   || total
-------------------------++-------
Melee: Hand axe          ||    13
       Constrict         ||     4
       Tentacles         ||     2
Armor: Skin              ||     2
Dodge: Dodged            ||     8

Table legend: (Time is in decaauts)
 A = Elapsed time spent in this place.
 B = Non-inter-level travel time spent in this place.
 C = Inter-level travel time spent in this place.
 D = Time resting spent in this place.
 E = Time spent auto-exploring this place.
 F = Levels seen in this place.
 G = Mean time per level.
                   A        B        C        D        E       F      G
               +--------+--------+--------+--------+--------+-----+--------+
         Total |    340 |    340 |      0 |    225 |      0 |   2 |  170.0 |
       Dungeon |    340 |    340 |      0 |    225 |      0 |   2 |  170.0 |
               +--------+--------+--------+--------+--------+-----+--------+

Top non-repeatable levels by time:
     D:1: 294 daAuts
     D:2: 46 daAuts
